 Dungeon Crawl Stone Soup version 0.22-a0-247-gbddf880757 (webtiles) character file.

990 Peterchen the Cleaver (level 7, -5/57 HPs)
             Began as a Minotaur Berserker on Feb 24, 2018.
             Was a Believer of Trog.
             Slain by a gnoll
             ... wielding a +0 halberd
              (12 damage)
             ... on level 5 of the Dungeon.
             The game lasted 00:11:47 (4102 turns).

Peterchen the Cleaver (Minotaur Berserker)          Turns: 4102, Time: 00:11:47

Health: -5/57      AC:  9    Str: 24    XL:     7   Next: 98%
Magic:  6/6        EV:  8    Int:  6    God:    Trog [**....]
Gold:   210        SH:  0    Dex:  9    Spells: 6/6 levels left

rFire    . . .     SeeInvis .   a - +0 hand axe
rCold    . . .     Gourm    .   (no shield)
rNeg     . . .     Faith    .   q - +0 chain mail
rPois    .         Spirit   .   (helmet restricted)
rElec    .         Reflect  .   (no cloak)
rCorr    .         Harm     .   (no gloves)
MR       ++...                  o - +0 pair of boots
Stlth    ..........             (no amulet)
HPRegen  1.19/turn              e - +2 ring of intelligence
MPRegen  0.10/turn              (no ring)

@: about to teleport, berserk cooldown, regenerating, slowed, very slow
A: retaliatory headbutt, horns 2
a: Berserk, Trog's Hand, Renounce Religion


You were on level 5 of the Dungeon.
You worshipped Trog.
Trog was pleased with you.
You were hungry.

You visited 1 branch of the dungeon, and saw 5 of its levels.

You collected 210 gold pieces.

Inventory:

Hand Weapons
 a - a +0 hand axe (weapon)
Missiles
 b - 12 javelins (quivered)
Armour
 o - a +0 pair of boots (worn)
 q - a +0 chain mail (worn)
Jewellery
 e - a +2 ring of intelligence (left hand)
Scrolls
 g - a scroll of random uselessness
 h - 2 scrolls of fear
 i - a scroll of teleportation
 l - 2 scrolls of remove curse
 p - a scroll of noise {unknown}
 s - a scroll of enchant weapon {unknown}
Potions
 d - a potion of might {unknown}
 f - a potion of degeneration {unknown}
 j - a potion of haste {unknown}
 k - 2 potions of curing {unknown}
 m - a potion of heal wounds {unknown}
 n - a potion of cancellation {unknown}
 t - 2 potions of flight {unknown}
Comestibles
 c - 4 rations
 r - 3 chunks of flesh


   Skills:
 - Level 3.6 Fighting
 * Level 11.4 Axes
 - Level 2.4 Armour
 - Level 2.1 Dodging


You had 6 spell levels left.
You didn't know any spells.

Dungeon Overview and Level Annotations

Branches:
Dungeon (5/15)
 Temple: D:4-7

Altars:
Kikubaaqudgha
Uskayaw
Yredelemnul

Shops:
D:4 %


Innate Abilities, Weirdness & Mutations

You reflexively headbutt those who attack you in melee.
You have a pair of horns on your head.


Message History

The gnoll closely misses you.
The gnoll hits you from afar with a spear.
* * * LOW HITPOINT WARNING * * *
The gnoll hits you with a halberd.
* * * LOW HITPOINT WARNING * * *
Okay, then.
Okay, then.
You're still recovering from your berserk rage.
Your skin crawls.
You feel resistant to hostile enchantments.
You feel somewhat more hungry.
The gnoll hits you from afar with a spear.
* * * LOW HITPOINT WARNING * * *
The gnoll hits you but does no damage. The gnoll barely misses you.
The gnoll hits you but does no damage. x2
The gnoll barely misses you.
As you read the scroll of teleportation, it crumbles to dust.
You feel strangely unstable.
The gnoll hits you from afar with a halberd!
You die...

#.# #.# ##. #.. ... #.#
#.. #.# #.# #.# #.#
########.#### #.# #
............# #.# .#
.....######.# #@# ..
####.# #.# #.# .# # #.#
#.# ##g##..#.#. ####.#
#.###.gg.......
..##.######.##..#g..g#...
..............##.##≈.....
#.######.....##.♣.##..{..
#.# #.##.#### ## #.#.#
#.# #.#..# ....


You could see 4 gnolls.

Vanquished Creatures
  The ghost of RedPan the Slasher, an amateur DsMo (D:4)
  The ghost of RedPan the Ducker, an amateur DsMo (D:3)
  A phantom (D:2)
  A scorpion (D:4)
  4 killer bees (D:3)
  A howler monkey (D:4)
  A jelly (D:4)
  A centaur skeleton (D:3)
  An iguana (D:5)
  7 adders
  5 gnolls
  An ooze (D:3)
  A worm (D:3)
  2 leopard geckos (D:2)
  8 orcs
  6 bats
  A giant cockroach (D:4)
  6 goblins
  4 hobgoblins
  3 jackals (D:1)
  A quokka (D:2)
  2 ball pythons
  2 frilled lizards
  A jackal skeleton (D:4)
  4 kobolds
  9 rats
75 creatures vanquished.

Notes
Turn   | Place    | Note
-------+----------+-------------------------------------------
     0 | D:1      | Peterchen the Minotaur Berserker began the quest for the Orb.
     0 | D:1      | Reached XP level 1. HP: 19/19 MP: 0/0
    45 | D:1      | Reached skill level 4 in Axes
   155 | D:1      | Reached XP level 2. HP: 15/26 MP: 1/1
  1219 | D:2      | Found a hide-covered altar of Uskayaw.
  1219 | D:2      | Noticed a hand axe
  1219 | D:2      | Noticed a hand axe
  1258 | D:2      | Reached skill level 5 in Axes
  1471 | D:2      | Noticed a phantom
  1495 | D:2      | Killed a phantom
  1495 | D:2      | Reached skill level 6 in Axes
  1495 | D:2      | Reached XP level 3. HP: 29/31 MP: 2/2
  1495 | D:2      | Reached XP level 4. HP: 36/39 MP: 3/3
  1868 | D:2      | Reached ** piety under Trog
  2040 | D:2      | Found an ancient bone altar of Kikubaaqudgha.
  2058 | D:2      | Found a basalt altar of Yredelemnul.
  2356 | D:3      | Reached XP level 5. HP: 41/45 MP: 4/4
  2447 | D:3      | Reached skill level 7 in Axes
  2659 | D:3      | Noticed RedPan's ghost (amateur DsMo)
  2678 | D:3      | Killed RedPan's ghost
  2678 | D:3      | Reached skill level 8 in Axes
  2678 | D:3      | Reached XP level 6. HP: 51/51 MP: 5/5
  2718 | D:3      | Reached skill level 9 in Axes
  3161 | D:3      | Reached XP level 7. HP: 48/57 MP: 6/6
  3570 | D:4      | Found Dyrerylu's Food Shoppe.
  3583 | D:4      | Reached skill level 10 in Axes
  3830 | D:4      | Noticed RedPan's ghost (amateur DsMo)
  3843 | D:4      | Killed RedPan's ghost
  3843 | D:4      | Reached skill level 11 in Axes
  4012 | D:5      | Entered Level 5 of the Dungeon
  4099 | D:5      | HP: 2/57 [gnoll/halberd (6)]
  4102 | D:5      | Slain by a gnoll

Vault maps used:
D:1:      ncdulo_lavacross, dk_noncrumbling_3
D:2:      lemuel_crystal_altar, nicolae_overflow_crystal_walls,
          dancing_weapons_uskayaw, hangedman_decor_riveting
D:4:      first_ration, serial_shops,
          nicolae_shop_temple_entry_statues_fountains, corexii_corridor_pit
D:5:      nicolae_overflow_hidden_temple, grunt_ministairs_3,
          serial_bayou_pond_e, grunt_decor_mini_mirrors,
          eino_small_chamber_without_monster, uniq_menkaure

Skill      XL: |  1  2  3  4  5  6  7 |
---------------+----------------------+-----
Axes           | 4 6 8 9 11 | 11.4
Fighting       | |  3.6
Armour         | |  2.4
Dodging        | |  2.1

Action                   |  1- 3 |  4- 6 |  7- 9 || total
-------------------------+-------+-------+-------++-------
Melee: Hand axe          |    33 |    99 |    90 ||   222
       Headbutt          |     5 |    10 |    11 ||    26
Invok: Berserk           |     1 |     2 |     2 ||     5
       Trog's Hand       |       |     3 |     1 ||     4
  Use: Scroll            |       |     4 |     2 ||     6
  Eat: Chunk             |     2 |     9 |     4 ||    15
Armor: Animal skin       |     5 |    16 |       ||    21
       Ring mail         |       |     8 |       ||     8
       Chain mail        |       |    32 |    47 ||    79
Dodge: Dodged            |    18 |    67 |    33 ||   118

Table legend:
 A = Spawn XP
 B = Non-spawn XP
 C = Spawn XP percentage of total XP
 D = Spawn monster count
 E = Non-spawn monster count
 F = Spawn count percentage of total count
 G = Total turns spent on level
                    A         B        C        D         E        F      G
               +---------+---------+-------+---------+---------+-------+---------
         Total |       0 |    1415 |   0.0 |       0 |      75 |   0.0 |  4102
               +---------+---------+-------+---------+---------+-------+---------
           D:1 |       0 |      33 |   0.0 |       0 |      13 |   0.0 |  1204
           D:2 |       0 |     155 |   0.0 |       0 |      15 |   0.0 |  1068
           D:3 |       0 |     639 |   0.0 |       0 |      27 |   0.0 |  1228
           D:4 |       0 |     548 |   0.0 |       0 |      17 |   0.0 |   512
           D:5 |       0 |      40 |   0.0 |       0 |       3 |   0.0 |    90
               +---------+---------+-------+---------+---------+-------+---------
